 Dungeon Crawl Stone Soup version 0.29.1-15-g9cfb28693d (webtiles) character file.

Game seed: 352233086683045587

6 hawla the Conjurer (level 1, -3/7 HPs)
             Began as a Felid Conjurer on Apr 10, 2023.
             Slain by a hobgoblin (4 damage)
             ... on level 1 of the Dungeon.
             The game lasted 00:00:41 (312 turns).

hawla the Conjurer (Felid Conjurer)                  Turns: 312, Time: 00:00:42

Health: -3/7       AC:  1    Str:  3    XL:     1   Next: 75%
Magic:  0/4        EV: 17    Int: 19    God:
Gold:   13         SH:  0    Dex: 14    Spells: 3/4 levels left
                                        Lives:  0   Deaths: 0

rFire   . . .      SeeInvis +   (weapon unavailable)
rCold   . . .      Faith    .   (shield unavailable)
rNeg    . . .      Spirit   .   (body armour unavailable)
rPois   .          Reflect  .   (helmet unavailable)
rElec   .          Harm     .   (cloak unavailable)
rCorr   .          Rampage  .   (gloves unavailable)
Will    .....                   (boots unavailable)
Stlth   ++........              (no amulet)
HPRegen 0.02/turn               (no ring)
MPRegen 0.09/turn               (no ring)

@: brilliant, quick
A: very small, claws 1, fangs 3, see invisible, speed 1, shaggy fur 1, stealthy
paws, no weapons or thrown items, no armour, multi-lived
a: no special abilities


You were on level 1 of the Dungeon.
You visited 1 branch of the dungeon, and saw 1 of its levels.

You collected 13 gold pieces.

Inventory:

Scrolls
 b - a scroll of fear {unknown}
 c - a scroll of identify {unknown}
Potions
 a - a potion of magic


   Skills:
 + Level 2.6 Dodging
 + Level 2.8 Stealth
 + Level 2.1 Spellcasting
 + Level 3.8 Conjurations


You had 3 spell levels left.
You knew the following spells:

 Your Spells              Type           Power      Damage    Failure   Level
a - Magic Dart            Conj           96%        1d7       3%          1

Your spell library contained the following spells:

 Spells                   Type           Power      Damage    Failure   Level
 Searing Ray              Conj           48%        2d6       5%          2
 Dazzling Flash           Conj/Hex       26%        N/A       22%         3
 Fulminant Prism          Conj/Hex       6%         3d7       58%         4
 Iskenderun's Mystic Bla  Conj/Tloc      13%        2d5       58%         4


Dungeon Overview and Level Annotations

Branches:
Dungeon (1/15)

Altars:


Innate Abilities, Weirdness & Mutations

You have sharp claws.
You have razor-sharp teeth.
You have supernaturally acute eyesight. (SInv)
You cover ground quickly. (Speed+)
You are covered in fur. (AC +1)
Your paws help you pounce on unaware monsters.
You are incapable of wielding weapons or throwing items.
You cannot wear armour.
You gain extra lives every three experience levels.


Message History

Confirm with . or Enter, or press ? or * to list all spells.
Aiming: Magic Dart (safe; 3% risk of failure)
Press: ? - help, Shift-Dir - straight line, f - bat
Aim: a bat (100% to hit)
The magic dart hits the bat.
You kill the bat!
The hobgoblin closely misses you. The hobgoblin barely misses you.
Unknown command.
Casting: Magic Dart (safe; 3% risk of failure)
Confirm with . or Enter, or press ? or * to list all spells.
Aiming: Magic Dart (safe; 3% risk of failure)
Press: ? - help, Shift-Dir - straight line, f - hobgoblin
Aim: a hobgoblin (lightly wounded, 100% to hit)
The magic dart hits the hobgoblin.
You kill the hobgoblin!
A goblin comes into view. It is wielding a +0 club.
The hobgoblin barely misses you.
Casting: Magic Dart (safe; 3% risk of failure)
Confirm with . or Enter, or press ? or * to list all spells.
Aiming: Magic Dart (safe; 3% risk of failure)
Press: ? - help, Shift-Dir - straight line, f - hobgoblin
Aim: a hobgoblin (100% to hit)
The magic dart hits the hobgoblin.
The hobgoblin is heavily wounded.
The goblin shouts!
The hobgoblin barely misses you. The giant cockroach closely misses you.
Casting: Magic Dart (safe; 3% risk of failure)
Confirm with . or Enter, or press ? or * to list all spells.
Aiming: Magic Dart (safe; 3% risk of failure)
Press: ? - help, Shift-Dir - straight line, f/p - hobgoblin
Aim: a hobgoblin (heavily wounded, 100% to hit)
The magic dart hits the hobgoblin but does no damage.
The hobgoblin is heavily wounded.
The hobgoblin hits you. The giant cockroach bites you.
* * * LOW HITPOINT WARNING * * *
It was a potion of brilliance.
You feel clever all of a sudden. The hobgoblin hits you.
Ouch! That really hurt!
You die...

.# #............... .#
#......[......... .##
#................ ..#
##..............
#.######.............#
.........####..#...##
###'####.# #..#..)#
.(.....#.# ##.#.#.#
.......#.# #.:.@†.#
..###..#.# #.##gB...#
..#_#..#.. ... ##....#
..#'#†.#...... .#...#
.......#...... ..#....
.......#.....B .......
########...... ..#.#..
#...#..


You could see a giant cockroach and a hobgoblin.

Vanquished Creatures
  A giant cockroach (D:1)
  2 hobgoblins (D:1)
  A bat (D:1)
  A goblin (D:1)
  A rat (D:1)
6 creatures vanquished.

Notes
Turn   | Place    | Note
-------+----------+-------------------------------------------
     0 | D:1      | hawla the Felid Conjurer began the quest for the Orb.
     0 | D:1      | Reached XP level 1. HP: 7/7 MP: 4/4
   271 | D:1      | Found a faded altar of an unknown god.
   312 | D:1      | Slain by a hobgoblin

Illustrated notes

Levels and vault maps discovered:
D:1:      scummos_arrival_hexagon, layout_rooms,
          hellmonk_ecumenical_altar_inner_sanctum, serial_aquarium,
          aquarium_bridge_straight [aquarium_subvault_bridge,
          aquarium_subvault_wall, aquarium_subvault_bridge,
          aquarium_subvault_wall], aquarium_window_2, aquarium_window_fake,
          aquarium_window_2, aquarium_view_2d, aquarium_view_2c,
          aquarium_balcony_double_3, aquarium_pool_split

Action                   || total
-------------------------++-------
Melee: Unarmed           ||    11
       Bite              ||     2
 Cast: Magic Dart        ||     8
  Use: Potion            ||     1
 Stab: Sleeping          ||     1
Dodge: Dodged            ||    15
